 Dungeon Crawl Stone Soup version 0.27-a0-1066-g29160eaed2 (webtiles) character file.

Game seed: 18126032612287040169

17 LordDeathwing the Covered (level 2, 24/27 HPs)
             Began as a Deep Dwarf Fighter on Apr 24, 2021.
             Was a Follower of Uskayaw.
             Quit the game on level 1 of the Dungeon.
             The game lasted 00:02:43 (556 turns).

LordDeathwing the Covered (Deep Dwarf Fighter)       Turns: 556, Time: 00:02:44

Health: 24/27      AC:  8    Str: 19    XL:     2   Next: 44%
Magic:  2/2        EV:  7    Int:  8    God:    Uskayaw [*.....]
Gold:   31         SH:  9    Dex: 12    Spells: 1/1 levels left

rFire    . . .     SeeInvis .   a - +0 war axe
rCold    . . .     Faith    .   c - +0 kite shield
rNeg     . . .     Spirit   .   b - +0 scale mail
rPois    .         Reflect  .   (no helmet)
rElec    .         Harm     .   (no cloak)
rCorr    .         Rampage  .   (no gloves)
Will     .....                  e - +0 pair of boots
Stlth    ..........             (no amulet)
HPRegen  0.00/turn              (no ring)
MPRegen  0.08/turn              (no ring)

@: non-regenerating
A: damage resistance, heal wounds, sense surroundings 1, no regeneration
a: Heal Wounds, Renounce Religion, Stomp


You were on level 1 of the Dungeon.
You worshipped Uskayaw.
Uskayaw was noncommittal.
You visited 1 branch of the dungeon, and saw 1 of its levels.

You collected 31 gold pieces.

Inventory:

Hand Weapons
 a - a +0 war axe (weapon)
Armour
 b - a +0 scale mail (worn)
 c - a +0 kite shield (worn)
 e - a +0 pair of boots (worn)
Scrolls
 f - a scroll of acquirement {unknown}
 g - a scroll of noise {unknown}
Potions
 d - a potion of might


   Skills:
 + Level 2.8 Fighting
 * Level 2.7 Axes
 * Level 3.6 Armour
 + Level 3.4 Shields


You had one spell level left.
You didn't know any spells.
Your spell library was empty.

Dungeon Overview and Level Annotations

Branches:
Dungeon (1/15)

Altars:
Uskayaw


Innate Abilities, Weirdness & Mutations

You are resistant to damage.
You can heal yourself by infusing magical energy.
You passively map a small area around you.
You do not regenerate.


Message History

The kobold shouts!
The kobold hits you with a +0 short sword.
You barely miss the kobold. The kobold barely misses you.
You barely miss the kobold. You block the kobold's attack.
The kobold barely misses you.
You hit the kobold.
The kobold is moderately wounded.
The kobold closely misses you. The kobold hits you but does no damage.
You slash the kobold!
You kill the kobold!
Things that are here:
a +0 short sword; a stone; a kobold corpse You now have 31 gold pieces (gained 10).
A goblin comes into view. It is wielding a +0 club.
The goblin shouts!
You see here a scroll labelled TUMEAN ABLU.
g - a scroll labelled TUMEAN ABLU
Found a stone staircase leading down.
You slash the goblin!
You kill the goblin!
You see here a +0 club.
Found 22 arrows.
There is a stone staircase leading down here.
A ball python comes into view.
The ball python hisses angrily.
Found a stone staircase leading down.
Your shield prevents you from hitting the ball python.
The ball python bites you but does no damage.
The ball python grabs you. The ball python constricts you.
The ball python bites you but does no damage.
The ball python constricts you.
You slash the ball python!
You kill the ball python!
You see here a ball python corpse.
You see here 22 arrows.
You see here 22 arrows.
You see here a +2 barding.
You see here a quokka skeleton.
Done exploring.
Are you sure you want to abandon this character and quit the game? (Confirm with "yes".)

##.....≈≈≈.....##.........
##..............##........#
#................#........#
#................#........#
#................#........#
#................##########
#................#
#................#
##........@.....##
##.....##.....##
##############


There were no monsters in sight!

Vanquished Creatures
  3 ball pythons (D:1)
  2 endoplasms (D:1)
  A hobgoblin (D:1)
  2 kobolds (D:1)
  A quokka (D:1)
  2 bats (D:1)
  2 goblins (D:1)
  2 rats (D:1)
15 creatures vanquished.

Notes
Turn   | Place    | Note
-------+----------+-------------------------------------------
     0 | D:1      | LordDeathwing the Deep Dwarf Fighter began the quest for
                  | the Orb.
     0 | D:1      | Reached XP level 1. HP: 20/20 MP: 1/1
   250 | D:1      | Reached XP level 2. HP: 21/27 MP: 2/2
   311 | D:1      | Found a faded altar of an unknown god.
   328 | D:1      | Became a worshipper of Uskayaw the Reveller
   328 | D:1      | Reached * piety under Uskayaw
   556 | D:1      | Quit the game

Illustrated notes

Levels and vault maps discovered:
D:1:      wheals_arrival_shading, layout_rooms,
          hellmonk_ecumenical_altar_pennies_from_heaven, grunt_decor_cap

Action                   || total
-------------------------++-------
Melee: War axe           ||    40
 Abil: Heal Wounds       ||     1
Armor: Scale mail        ||    22
Dodge: Dodged            ||     9
Block: Kite shield       ||    24

Table legend: (Time is in decaauts)
 A = Elapsed time spent in this place.
 B = Non-inter-level travel time spent in this place.
 C = Inter-level travel time spent in this place.
 D = Time resting spent in this place.
 E = Time spent auto-exploring this place.
 F = Levels seen in this place.
 G = Mean time per level.
                   A        B        C        D        E       F      G
               +--------+--------+--------+--------+--------+-----+--------+
         Total |    583 |    583 |      0 |    100 |    343 |   1 |  583.0 |
       Dungeon |    583 |    583 |      0 |    100 |    343 |   1 |  583.0 |
               +--------+--------+--------+--------+--------+-----+--------+

Top non-repeatable levels by time:
     D:1: 583 daAuts
